 Dungeon Crawl Stone Soup version 0.24.0-123-gd5b16e6ec5 (webtiles) character file.

Game seed: 4914399659848464747, levelgen mode: deterministic

1185 Curus the Cleaver (level 8, -3/64 HPs)
             Began as a Minotaur Abyssal Knight on Dec 24, 2019.
             Was a Priest of Lugonu.
             Slain by an orc warrior
             ... wielding a cursed -1 flail
              (17 damage)
             ... on level 6 of the Dungeon.
             The game lasted 00:19:21 (5392 turns).

Curus the Cleaver (Minotaur Abyssal Knight)         Turns: 5392, Time: 00:19:22

Health: -3/64      AC: 18    Str: 16 (18) XL:     8   Next: 19%
Magic:  12/12      EV:  5    Int:  9      God:    Lugonu [***...]
Gold:   500        SH:  0    Dex: 11      Spells: 7/7 levels left

rFire    . . .     SeeInvis .   k - +0 war axe
rCold    . . .     Gourm    .   (no shield)
rNeg     . . .     Faith    .   i - +4 plate armour
rPois    .         Spirit   .   (helmet restricted)
rElec    .         Reflect  .   (no cloak)
rCorr    .         Harm     .   f - +2 pair of gloves
MR       .....                  (no boots)
Stlth    ..........             g - amulet of rage
HPRegen  0.20/turn              (no ring)
MPRegen  0.13/turn              (no ring)

@: no status effects
A: retaliatory headbutt, horns 2
a: Depart the Abyss, Bend Space, Banish, Renounce Religion, Evoke Berserk Rage


You were on level 6 of the Dungeon.
You worshipped Lugonu.
Lugonu was most pleased with you.
You were not hungry.

You visited 1 branch of the dungeon, and saw 6 of its levels.
You visited the Abyss 1 time.
You also visited: Sewer.

You collected 500 gold pieces.

Inventory:

Hand Weapons
 a - a +2 hand axe
 e - a cursed -2 trident
 k - a +0 war axe (weapon)
Armour
 b - a +1 leather armour
 f - a +2 pair of gloves (worn)
 i - a +4 plate armour (worn)
Jewellery
 g - an amulet of rage (around neck)
 h - an uncursed ring of teleportation
Scrolls
 d - 6 scrolls of identify
 j - a scroll of remove curse
 l - a scroll of magic mapping
Potions
 m - a potion of ambrosia
Comestibles
 c - 11 rations


   Skills:
 - Level 3.6 Fighting
 + Level 8.6 Axes
 - Level 2.4 Armour
 - Level 1.1 Dodging
 + Level 7.1 Invocations


You had 7 spell levels left.
You didn't know any spells.
Your spell library was empty.

Dungeon Overview and Level Annotations

Branches:
Dungeon (6/15)              Sewer (visited)
 Temple: D:4-7

Altars:
Cheibriados
Fedhas
Makhleb
Okawaru
Qazlal
Zin
The Shining One

Annotations:
D:3 3 runed translucent doors, BeasterDot's ghost, amateur NaVM


Innate Abilities, Weirdness & Mutations

You reflexively headbutt those who attack you in melee.
You have a pair of horns on your head.


Message History

The orc warrior hits you with a cursed -1 flail!
Your plate armour prevents you from hitting the orc warrior.
The orc warrior is heavily wounded.
The orc warrior hits you with a cursed -1 flail.
* * * LOW HITPOINT WARNING * * *
You hit the orc warrior but do no damage.
Your headbutt misses the orc warrior.
The orc warrior is heavily wounded.
You hit the orc warrior but do no damage.
The orc warrior is heavily wounded.
The orc warrior hits you with a cursed -1 flail.
* * * LOW HITPOINT WARNING * * *
You closely miss the orc warrior.
You headbutt the orc warrior, but do no damage.
The orc warrior is heavily wounded.
The orc warrior hits you but does no damage.
You completely miss the orc warrior.
The orc warrior is heavily wounded.
The orc warrior hits you with a cursed -1 flail!
You die...

....... ..... . ..... ...... ..
#...# #....# ...###...####....###
...................#
......))...........#
......†@...........#
......o............#
##########'######'########
#.........................
########.........................
#................................
#........._......................
#................................
#............#.....##(###########


You could see an orc warrior.

Vanquished Creatures
  Purgy (Sewer)
  A necrophage (D:6)
  2 ogres
  2 scorpions
  A howler monkey (D:6)
  2 crimson imps (D:5)
  A centaur zombie (D:5)
  A quasit (D:5)
  4 orc priests
  A bullfrog skeleton (D:5)
  An orc wizard (D:6)
  An iguana (D:5)
  2 worker ants
  A killer bee zombie (D:5)
  A worker ant zombie (D:5)
  10 adders
  A river rat (D:3)
  2 oozes
  2 adder skeletons (D:4)
  2 worms (D:3)
  A dart slug (D:1)
  A leopard gecko (D:1)
  14 orcs
  A ball python (D:3)
  4 giant cockroaches
  9 goblins
  6 hobgoblins
  2 quokkas
  9 bats
  6 frilled lizards
  4 kobolds
  A leopard gecko skeleton (D:4)
  8 rats
105 creatures vanquished.

Vanquished Creatures (others)
  A steam dragon (D:6)
  An orc (D:6)
2 creatures vanquished.

Grand Total: 107 creatures vanquished

Notes
Turn   | Place    | Note
-------+----------+-------------------------------------------
     0 | Abyss:1  | Curus the Minotaur Abyssal Knight began the quest for the
                  | Orb.
     0 | Abyss:1  | Reached XP level 1. HP: 19/19 MP: 1/1
    25 | D:1      | Escaped the Abyss
    79 | D:1      | Reached XP level 2. HP: 13/26 MP: 2/2
   244 | D:1      | Reached skill level 3 in Axes
   436 | D:1      | Found an iron altar of Okawaru.
   470 | D:1      | Reached ** piety under Lugonu
   676 | D:2      | Reached XP level 3. HP: 21/31 MP: 2/4
   802 | D:2      | Found a burning altar of Makhleb.
   919 | D:2      | Found a stormy altar of Qazlal.
  1173 | D:2      | Found a glowing golden altar of the Shining One.
  1529 | D:3      | Reached skill level 4 in Axes
  1646 | D:3      | Found a runed translucent gate.
  1647 | D:3      | Found a runed translucent gate.
  1649 | D:3      | Found a runed translucent gate.
  1658 | D:3      | Reached XP level 4. HP: 39/39 MP: 5/5
  1661 | D:3      | Noticed BeasterDot's ghost (amateur NaVM)
  1847 | D:3      | Found a glowing drain.
  1856 | D:3      | Reached XP level 5. HP: 25/45 MP: 6/6
  1881 | Sewer    | Entered a sewer
  1884 | Sewer    | Reached *** piety under Lugonu
  1905 | Sewer    | Noticed Purgy
  1918 | Sewer    | Killed Purgy
  1918 | Sewer    | Reached skill level 5 in Axes
  2412 | D:4      | Noticed an ogre
  2417 | D:4      | Killed an ogre
  2417 | D:4      | Reached XP level 6. HP: 42/51 MP: 8/8
  2417 | D:4      | Reached skill level 6 in Axes
  2432 | D:4      | Reached skill level 5 in Invocations
  2870 | D:4      | Found a snail-covered altar of Cheibriados.
  3399 | D:5      | Entered Level 5 of the Dungeon
  3415 | D:5      | Reached XP level 7. HP: 49/57 MP: 10/10
  3430 | D:5      | Reached skill level 7 in Axes
  4048 | D:5      | Found a blossoming altar of Fedhas.
  4650 | D:5      | Reached skill level 8 in Axes
  4950 | D:6      | Noticed a steam dragon
  4961 | D:6      | Banished a steam dragon
  4961 | D:6      | Reached XP level 8. HP: 12/64 MP: 10/12
  5288 | D:6      | Found a glowing silver altar of Zin.
  5392 | D:6      | Slain by an orc warrior

Levels and vault maps discovered:
D:1:      psy_arrival_conway, layout_rooms, okawaru_ov_weapons_minmay
D:2:      layout_basic, lemuel_crystal_altar, lightli_temple_of_fire,
          nicolae_tso_carved_into_rock
D:3:      layout_loops_ring, portal_sewer_entry_a, gammafunk_ghost_necromancy
D:4:      layout_basic, lemuel_doored_altar, first_ration
D:5:      layout_layer_cave, kennysheep_mini_moat, kennysheep_path_1
D:6:      layout_gridville, lemuel_zombie_altar_yredelemnul,
          minmay_temple_entry_glass, basic_altar, kennysheep_generic_room_5

Skill      XL: |  1  2  3  4  5  6  7  8 |
---------------+-------------------------+-----
Invocations    | 2 3 4 5 6 7 |  7.1
Axes           | 3 4 5 6 8 |  8.6
Fighting       | |  3.6
Armour         | |  2.4
Dodging        | |  1.1

Action                   |  1- 3 |  4- 6 |  7- 9 || total
-------------------------+-------+-------+-------++-------
Melee: Hand axe          |    88 |   138 |   104 ||   330
       Headbutt          |     8 |    19 |    26 ||    53
       War axe           |       |       |    66 ||    66
Invok: Banish            |       |       |     1 ||     1
 Abil: Evoke Berserk Rag |       |     1 |       ||     1
  Use: Scroll            |     4 |     7 |     1 ||    12
       Potion            |     4 |     4 |       ||     8
  Eat: Chunk             |     2 |     5 |     5 ||    12
       Ration            |       |     1 |       ||     1
Armor: Leather armour    |    16 |       |       ||    16
       Plate armour      |    11 |   134 |   127 ||   272
Dodge: Dodged            |    39 |    47 |    37 ||   123
